Map: Newkirk Precinct TE (Void)

Players

Dyrdek

  • Race: Protoss Protoss
  • League: Silver
  • Spawn Location: 5:00

Laser - Winner!

  • Race: Terran Terran
  • League: Gold
  • Spawn Location: 7:00

VOD

Have the link to the VOD?

Description

Widow Mines

Time

  • Played on: April 29, 2017, 10:25 a.m.
  • Length: 15:54
Show
View Real Time Build Order
Export as new Build Order

Dyrdek Protoss 

Build Orders: Oracle Opening 

Get SALT Encoding   

  12  0:01  Probe (Chrono Boost)  
  13  0:11  Probe (Chrono Boost)  
  14  0:22  Probe (Chrono Boost), Pylon  
  15  0:40  Probe (Chrono Boost)  
  16  0:43  Gateway  
  16  0:51  Probe (Chrono Boost)  
  16  0:56  Pylon  
  17  1:01  Probe (Chrono Boost)  
  17  1:03  Assimilator  
  18  1:12  Probe (Chrono Boost), Assimilator  
  19  1:22  Probe (Chrono Boost)  
  20  1:33  Probe (Chrono Boost)  
  20  1:39  Cybernetics Core  
  21  1:43  Probe (Chrono Boost)  
  22  2:05  Warp Gate  
  22  2:16  Pylon  
  22  2:18  Adept  
  26  2:22  Mothership Core (Chrono Boost)  
  26  2:26  Gateway  
  26  2:39  Stargate  
  26  2:42  Probe (Chrono Boost)  
  26  2:59  Adept  
  28  3:12  Nexus  
  28  3:22  Gateway  
  28  3:23  Gateway  
  28  3:32  Gateway, Oracle  
  28  3:35  Gateway  
  31  3:52  Pylon  
  32  3:56  Probe (Chrono Boost)  
  32  4:11  Twilight Council  
  32  4:13  Forge  
  32  4:20  Probe (Chrono Boost)  
  33  4:29  Adept  
  36  4:32  Probe (Chrono Boost)  
  33  4:46  Resonating Glaives  
  33  4:49  Probe (Chrono Boost)  
  33  4:50  Probe (Chrono Boost)  
  35  4:56  Robotics Facility  
  35  4:59  Protoss Ground Weapons Level 1, Probe (Chrono Boost)  
  36  5:02  Probe (Chrono Boost)  
  37  5:08  Sentry  
  37  5:10  Probe (Chrono Boost)  
  41  5:14  Probe (Chrono Boost)  
  41  5:26  Pylon  
  41  5:27  Probe x2 (Chrono Boost)  
  43  5:38  Stalker x2  
  43  5:39  Probe x2 (Chrono Boost)  
  43  5:41  Adept  
  51  5:48  Observer  
  53  5:51  Probe x2 (Chrono Boost)  
  54  5:59  Assimilator  
  54  6:03  Probe (Chrono Boost)  
  54  6:04  Probe (Chrono Boost)  
  56  6:05  Templar Archives  
  56  6:09  Pylon  
  56  6:15  Assimilator  
  56  6:18  Probe x2 (Chrono Boost)  
  58  6:20  Adept  
  60  6:29  Pylon  
  60  6:30  Probe x2 (Chrono Boost)  
  62  6:39  Stalker x2  
  66  6:40  Stalker  
  66  6:45  Probe (Chrono Boost)  
  69  6:52  Gateway  
  69  6:55  Gateway  
  69  7:15  Psionic Storm  
  69  7:17  Protoss Ground Armor Level 1  
  69  7:19  Warp Prism  
  71  7:23  Adept x4  
  79  7:39  Forge  
  79  7:43  Pylon  
  79  7:46  Pylon  
  79  7:50  Gateway  
  79  7:57  Gateway  
  79  7:58  High Templar x3  
  83  8:00  Gateway  
  85  8:17  Adept  
  85  8:18  Adept x2  
  91  8:34  Observer  
  90  8:48  Adept x2  
  92  9:02  Adept x4  
  82  9:15  High Templar  
  84  9:18  Adept  
  84  9:40  Adept x2  
  84  9:41  Adept x3  
  94  10:07  Protoss Ground Armor Level 2  
  94  10:09  Photon Cannon, Nexus  
  94  10:10  Photon Cannon  
  94  10:12  Photon Cannon  
  94  10:13  Photon Cannon  
  94  10:27  Pylon  
  94  10:29  Pylon  
  94  10:32  Pylon  
  94  10:39  Pylon  
  94  10:41  Pylon  
  94  10:55  Adept x4  
  94  10:56  Adept x4  
  94  10:57  Adept  
  112  11:23  Protoss Ground Weapons Level 2  
  112  11:25  Gateway  
  112  11:27  Gateway  
  112  11:30  Gateway  
  112  11:31  Probe (Chrono Boost), Assimilator  
  112  11:32  Probe x2 (Chrono Boost), Stalker x2, Gateway  
  117  11:35  Assimilator  
  117  11:37  Pylon  
  117  11:39  Pylon  
  119  11:44  Probe x2 (Chrono Boost), Charge  
  121  11:59  Observer  
  122  12:01  Adept x3  
  122  12:02  Adept x2  
  132  12:21  Observer  
  133  12:52  Probe (Chrono Boost)  
  133  12:53  Probe (Chrono Boost)  
  133  12:54  Probe (Chrono Boost)  
  133  12:57  Nexus, Pylon  
  136  12:59  Pylon  
  136  13:04  Stalker  
  136  13:05  Stalker x6  
  150  13:06  Probe x2 (Chrono Boost)  
  127  13:13  Adept x2  
  131  13:24  Probe (Chrono Boost)  
  131  13:25  Probe x2 (Chrono Boost)  
  130  13:34  Probe (Chrono Boost), Stalker x2  
  130  13:35  Stalker x5  
  130  13:37  Probe x2 (Chrono Boost)  
  67  13:59  Adept  
  67  14:00  Adept x7  
  83  14:23  Stalker x2  
  87  14:26  Gateway  
  87  14:27  Gateway  
  87  14:30  Gateway  
  83  14:33  Adept x3  
  83  14:34  Adept  
  82  14:47  Adept x4  
  82  14:48  Adept  
  83  14:56  Adept x3  
  85  15:02  Observer  
  49  15:22  Adept x5  
  49  15:23  Adept x3  
  49  15:24  Observer  
  55  15:34  Adept x2  
Show
View Real Time Build Order
Export as new Build Order

Laser Terran - Winner!

Build Orders: MMM Bio 

Get SALT Encoding   

  12  0:00  SCV  
  13  0:13  SCV  
  14  0:18  Supply Depot  
  14  0:26  SCV  
  15  0:40  SCV  
  16  0:45  Barracks  
  16  0:47  Refinery  
  16  0:57  SCV  
  17  1:14  SCV  
  18  1:27  SCV  
  19  1:40  Reaper  
  20  1:57  SCV  
  21  2:02  Command Center  
  21  2:12  Orbital Command  
  21  2:26  Barracks Reactor  
  21  2:29  Factory  
  21  3:01  SCV  
  22  3:14  SCV  
  22  3:15  Widow Mine  
  22  3:17  Marine x2  
  22  3:18  Starport  
  27  3:20  Orbital Command  
  27  3:28  Supply Depot  
  27  3:34  SCV  
  27  3:39  Marine x2  
  30  3:52  Factory Reactor  
  30  3:57  SCV x2  
  32  4:03  Marine  
  32  4:04  Marine  
  32  4:05  Starport Reactor  
  32  4:09  Barracks  
  34  4:14  Refinery  
  34  4:25  SCV x2  
  34  4:26  Marine x2  
  34  4:29  Widow Mine x2  
  42  4:44  Marine x2, Supply Depot  
  43  4:46  Supply Depot  
  43  4:50  SCV x2  
  45  5:09  Marine x2  
  47  5:23  Widow Mine x2  
  47  5:25  Medivac x2  
  47  5:27  Marine x2  
  47  5:28  Barracks Tech Lab  
  57  5:33  SCV x2  
  59  5:44  Marine  
  59  5:45  Marine  
  61  5:52  Marine  
  61  5:53  Supply Depot  
  61  5:55  Stimpack  
  61  5:56  Supply Depot  
  62  6:14  Marine x3, Widow Mine x2  
  62  6:17  Supply Depot  
  69  6:20  Supply Depot  
  69  6:32  Marine x2, Marauder  
  73  6:42  Engineering Bay  
  73  6:44  Engineering Bay  
  73  6:50  Marine  
  76  6:54  Marauder  
  76  6:58  Marine  
  77  7:01  Supply Depot  
  77  7:08  Marine  
  78  7:15  Marine  
  79  7:16  Marine  
  80  7:28  Marine  
  81  7:32  Marine  
  81  7:34  Marine, Widow Mine x2  
  81  7:36  Medivac x2  
  91  7:38  Terran Infantry Weapons Level 1  
  91  7:46  Marine  
  91  7:50  Marine  
  93  7:51  Marine  
  93  7:55  Combat Shields  
  58  9:16  Marine  
  58  9:17  Marine x2  
  59  9:18  Terran Infantry Armor Level 1  
  61  9:28  Factory  
  61  9:29  Factory  
  61  9:34  Marine x3  
  62  9:40  Widow Mine  
  62  9:41  Widow Mine  
  62  9:42  Command Center, Medivac  
  62  9:43  Medivac  
  70  9:52  Marine x3  
  73  10:09  Marine  
  73  10:10  Marine x2  
  76  10:27  Marine  
  76  10:28  Marine x2, Factory Tech Lab  
  79  10:29  Factory Tech Lab, Refinery  
  79  10:45  Marine  
  79  10:46  Marine x2  
  79  10:48  Siege Tank  
  79  10:49  Siege Tank  
  88  11:03  Marine x3  
  90  11:21  Marine x2  
  90  11:22  Marauder  
  94  11:43  Marauder  
  96  12:01  Siege Tank x2  
  102  12:49  Siege Tank x2  
  108  12:56  SCV  
  108  12:57  SCV  
  110  13:09  SCV x2  
  108  13:21  SCV x2  
  110  13:33  SCV x2  
  101  13:45  SCV  
  90  13:52  SCV  
  91  13:55  Siege Tank  
  91  13:56  Siege Tank  
  91  13:57  SCV  
  98  14:13  Marine  
  98  14:14  Marine x2  
  101  14:28  Siege Tank  
  103  14:31  Marine  
  103  14:32  Marine x2  
  104  14:49  Marine x2  
  104  14:50  Marine  
  100  14:54  Siege Tank  
  103  15:00  Siege Tank  
  104  15:07  Marine x3  
  104  15:25  Marine x3  
Tags
 
Add a new tag
Caveats
  • Supply blocks, unpowered buildings, or Contaminate may cause inaccurate times.
  • Supply counts are checked every 10 seconds.